Cogmind - Beta 15 @@@ ROGUE MODE // 2025.06.03 @ 18:57:59 Player: amhumam Result: Destroyed by L9-AFE(R) with Subdweller Laser Performance ------------- Evolutions (0) 0 Regions Visited (2) 400 Robots Destroyed (16) 80 Value Destroyed (508) 508 Prototype IDs (0) 0 Alien Tech Used (0) 0 Bonus (0) 0 TOTAL SCORE: 988 Bonus ------- None Cogmind --------- Core Integrity 0/250 Matter 228/300 Energy 237/250 System Corruption 0% Temperature Cool (6) Movement Rolling (110) Location -10/Subcaves Parts ------- > --- POWER (1) -------- Ion Engine > --- PROPULSION (2) --- Subdweller Monowheel Subdweller Monowheel > --- UTILITY (2) ------ (None) > --- WEAPON (2) ------- Beam Cannon Battle Rifle > --- INVENTORY (5) ---- Subdweller Monowheel EM Pulse Gun Peak State ------------ > --- POWER ------------ Ion Engine > --- PROPULSION ------- Subdweller Monowheel Subdweller Monowheel > --- UTILITY ---------- Scrap Shield > --- WEAPON ----------- Beam Cannon Battle Rifle > --- INVENTORY -------- Subdweller Monowheel EM Pulse Gun [Rating: 12] Favorites ----------- Power Light Ion Engine Engine Light Ion Engine Propulsion Light Treads Treads Light Treads Wheel Compact Wheel Utility Large Storage Unit Device Sensor Array Storage Large Storage Unit Protection Light Armor Plating Weapon Medium Laser Energy Gun Medium Laser Energy Cannon Beam Cannon Ballistic Gun Assault Rifle Launcher Grenade Launcher Special Weapon Mining Laser Build | -11 -10 -10 ------- Run | Yrd Mat Sub Slots Evolved . | . . . Power . | . . . Propulsion . | . . . Utility . | . . . Weapon . | . . . Parts Attached 25 | 6 8 11 Power 4 | 1 1 2 Engine 4 | 1 1 2 Core . | . . . Reactor . | . . . Propulsion 6 | 2 2 2 Treads 2 | 2 . . Leg . | . . . Wheel 4 | . 2 2 Hover . | . . . Flight . | . . . Utility 5 | 1 2 2 Device 1 | . . 1 Storage 2 | 1 1 . Processor . | . . . Hackware . | . . . Protection 2 | . 1 1 Artifact . | . . . Weapon 10 | 2 3 5 Energy Gun 4 | 2 2 . Energy Cannon 1 | . . 1 Ballistic Gun 3 | . . 3 Ballistic Cannon . | . . . Launcher 1 | . . 1 Special Weapon 1 | . 1 . Impact Weapon . | . . . Slashing Weapon . | . . . Piercing Weapon . | . . . Special Melee Weapon . | . . . Unidentified Prototypes . | . . . Parts Lost 9 | . 2 7 Power 1 | . 1 . Propulsion 3 | . . 3 Utility 2 | . . 2 Weapon 3 | . 1 2 Highest Loss Streak 3 | . 1 3 To Critical Strikes . | . . . Average Backups 10 | 1 7 14 Power 1 | . 1 1 Propulsion . | . . . Utility 2 | . 1 3 Weapon 6 | . 4 8 Tool/Special . | . . . Unused Backups 15 | . 2 13 Power 2 | . . 2 Propulsion 1 | . . 1 Utility 4 | . . 4 Weapon 8 | . 2 6 Tool/Special . | . . . Average Slot Usage (%) 90 | . 93 88 Engine 13 | . 13 14 Treads 9 | . 11 7 Wheel 12 | . 16 10 Device 2 | . . 3 Storage 15 | . 18 13 Protection 7 | . 4 9 Energy Gun 11 | . 25 1 Energy Cannon 2 | . . 3 Ballistic Gun 8 | . . 14 Special Weapon 5 | . 2 7 Peak Build Rating 12 | 6 8 12 Average Rating 7 | 4 6 8 On Entrance 4 | . 6 8 Naked Turns . | . . . Heaviest Build 33 | 12 32 33 Greatest Support 40 | 40 40 40 Greatest Overweight (x) 1 | . 1 1 Average Overweight (x) . | . . . Largest Inventory Capacity 15 | 8 15 15 Average Capacity 13 | 6 12 14 Most Carried 15 | 2 13 15 Average Carried 10 | 1 7 14 Final Capacity 15 | 8 15 5 Final Carried 13 | 2 13 2 Class Distribution -------------------- 100% | Mutant Dominant Class ---------------- Mutant | -10/Materials Mutant | -10/Subcaves Resources | -11 -10 -10 ----------- Run | Yrd Mat Sub Matter Collected 752 | 222 241 289 Remotely . | . . . Salvage Created 503 | . 302 201 Parts 34 | . 18 16 Haulers Intercepted . | . . . Recyclers Shooed . | . . . Parts Field Recycled . | . . . Retrieved Matter . | . . . Parts Self-Destructed . | . . . Prevented . | . . . Kills | -11 -10 -10 ------- Run | Yrd Mat Sub Combat Hostiles Destroyed 15 | . 8 7 Guns 12 | . 7 5 Cannons 1 | . . 1 AOE 2 | . 1 1 Classes Destroyed 4 | . 3 1 Builder 1 | . 1 . Swarmer 3 | . 3 . Grunt 5 | . 5 . Subdweller 7 | . . 7 Best Kill Streak 3 | . 3 2 Combat Bots Only 3 | . 3 2 Max Kills in Single Turn 2 | . 2 1 Gunslinging . | . . . Exploded 1 | . 1 1 Melee . | . . . Uniques/NPCs Destroyed . | . . . Combat | -11 -10 -10 -------- Run | Yrd Mat Sub Hostile Shots Fired 102 | . 49 53 Missed 27 | . 13 14 Hits 75 | . 36 39 Projectile 75 | . 36 39 AOE 2 | . . 2 Critical Strikes 1 | . . 1 Damage Taken 1296 | . 418 878 Core 250 | . 93 157 Absorbed by Shields . | . . . Core Remaining (%) 100 | 100 . . Volleys Fired 66 | . 30 36 Largest 2 | . 2 2 Hottest 100 | . 100 100 Shots Fired 118 | . 56 62 Gun 97 | . 55 42 Cannon 14 | . . 14 Launcher 2 | . . 2 Special 5 | . 1 4 Kinetic 42 | . . 42 Thermal 54 | . 36 18 Explosive 2 | . . 2 Electromagnetic 20 | . 20 . Robot Hit Streak 36 | . 15 36 Robot Miss Streak 3 | . 3 1 Penetration Max . | . . . Secondary Targets 1 | . 1 . Max Gunslinging Chain 1 | . 1 . Shots Hit Robots 88 | . 40 48 Core Hits 28 | . 14 14 Critical Kills . | . . . Critical Parts Destroyed . | . . . Critical Strikes 2 | . 2 . Burn 1 | . 1 . Corrupt 1 | . 1 . Melee Attacks . | . . . Impact . | . . . Slashing . | . . . Piercing . | . . . Sneak Attacks . | . . . Combat Hostiles . | . . . Follow-up Attacks . | . . . Damage Inflicted 1568 | . 611 957 Guns 1162 | . 550 612 Cannons 140 | . . 140 Explosions 266 | . 61 205 Melee . | . . . Ramming . | . . . Kinetic 612 | . . 612 Thermal 556 | . 416 140 Explosive 205 | . . 205 Electromagnetic 195 | . 195 . Impact . | . . . Slashing . | . . . Piercing . | . . . Highest Corruption . | . . . Average Corruption . | . . . Corruption Purged . | . . . Corruption Blocked . | . . . Overload Shots . | . . . Overflow Damage . | . . . Projectiles . | . . . Explosions . | . . . Melee . | . . . Knockbacks . | . . . Impact . | . . . Kinetic . | . . . Secondary . | . . . Self-Inflicted Damage . | . . . Shots . | . . . Rammed . | . . . Targets Rammed . | . . . Kicked . | . . . Crushed . | . . . Highest Temperature 348 | . 348 22 Average Temperature 125 | . 134 7 Received Heat Transfer 360 | . 150 210 Effects 4 | . 4 . Interference 2 | . 2 . Matter Decay 1 | . 1 . Short Circuit 1 | . 1 . Siege Activations . | . . . Martial Activations . | . . . Shielding Activations . | . . . Robots Disrupted . | . . . Combat Hostiles . | . . . Robots Corrupted . | . . . Combat Hostiles . | . . . Parts Fried 1 | . 1 . Impact Corruptions . | . . . Robots Melted . | . . . Combat Hostiles . | . . . Parts Melted 3 | . 2 1 Heat Transferred 1419 | . 1123 296 Parts Sabotaged . | . . . Parts Stolen . | . . . Parts Stripped . | . . . Power Chain Reactions 1 | . 1 . Alert | -11 -10 -10 ------- Run | Yrd Mat Sub Maximum Alert Level . | . . . Low Security (%) 100 | 100 100 . Level 1 . | . . . Level 2 . | . . . Level 3 . | . . . Level 4 . | . . . Level 5 . | . . . High Security . | . . . Max Security . | . . . Peak Influence 81 | . 81 . Initial . | . . . Average 22 | . 24 . Influence Increases 304 | . 304 . Destroy 0b10 Robot/C 160 | . 160 . Destroy 0b10 Robot/NC 5 | . 5 . Destroy Leader 30 | . 30 . Successful Hack 30 | . 30 . Select Force Hacks 30 | . 30 . Disable Machine 15 | . 15 . Destroy Structure 4 | . 4 . Lose Combat Pursuer 30 | . 30 . Influence Decreases 304 | . 273 31 Entered New Map 15 | . . 15 Time Decay 269 | . 253 16 Lost Part 20 | . 20 . Squads Dispatched 3 | . 3 . Investigation 2 | . 2 . Extermination . | . . . Reinforcement 1 | . 1 . Assault . | . . . Garrison . | . . . Intercept . | . . . Searches Triggered . | . . . Construction Impeded . | . . . Haulers Reinforced . | . . . Active Scanning Responses . | . . . Cargo Convoy Interrupts . | . . . Stealth | -11 -10 -10 --------- Run | Yrd Mat Sub Distress Signals 1 | . 1 . Communications Jammed . | . . . Distress Signals . | . . . Times Spotted 26 | . 17 9 Peak Tracking Total 5 | . 5 3 Tactical Retreats 2 | . 2 . Traps | -11 -10 -10 ------- Run | Yrd Mat Sub Traps Triggered 1 | . 1 . Indirectly . | . . . Trap Hack Attempts . | . . . Triggered . | . . . Disarmed . | . . . Reprogrammed . | . . . Reused . | . . . Traps Extracted . | . . . Installed . | . . . Triggered . | . . . Machines | -11 -10 -10 ---------- Run | Yrd Mat Sub Machines Disabled 1 | . 1 . Max in Single Turn 1 | . 1 . Machines Repaired . | . . . Machines Dismantled . | . . . Machines Sabotaged . | . . . Overloaded Fab Kills . | . . . Hacking | -11 -10 -10 --------- Run | Yrd Mat Sub Machines Accessed 8 | . 8 . Terminals 7 | . 7 . Fabricators . | . . . Repair Stations . | . . . Recycling Units 1 | . 1 . Scanalyzers . | . . . Garrison Access . | . . . Total Hacks 28 | . 28 . Successful 15 | . 15 . Failed 13 | . 13 . Catastrophic 3 | . 3 . Database Lockouts . | . . . Manual 27 | . 27 . Terminals 27 | . 27 . Fabricators . | . . . Repair Stations . | . . . Recycling Units 1 | . 1 . Scanalyzers . | . . . Garrison Access . | . . . Terminal Hacks 8 | . 8 . Part Schematic 1 | . 1 . Robot Analysis 1 | . 1 . Terminal Index 1 | . 1 . Unreport Threat 1 | . 1 . Locate Traps 1 | . 1 . Recall Reinforcements 1 | . 1 . Registered Components 2 | . 2 . Fabricator Hacks . | . . . Repair Station Hacks . | . . . Recycling Unit Hacks . | . . . Scanalyzer . | . . . Garrison Access Hacks . | . . . Unauthorized Hacks 7 | . 7 . Terminals 6 | . 6 . Assimilate 1 | . 1 . Botnet 5 | . 5 . Fabricators . | . . . Repair Stations . | . . . Recycling Units 1 | . 1 . Tunnel 1 | . 1 . Scanalyzers . | . . . Garrison Access . | . . . Data Cores Recovered . | . . . Used . | . . . Hacking Detections 7 | . 7 . Full Trace Events . | . . . Feedback Events . | . . . Feedback Blocked . | . . . Robot Schematics Acquired . | . . . Robots Built . | . . . Authchips . | . . . Time . | . . . Total Robot Build Rating . | . . . Part Schematics Acquired 1 | . 1 . Parts Built . | . . . Authchips . | . . . Time . | . . . Total Part Build Rating . | . . . Parts Repaired . | . . . Time . | . . . Parts Recycled . | . . . Recycled Matter . | . . . Retrieved Matter . | . . . Retrieved Components . | . . . Parts Scanalyzed . | . . . Part Schematics Acquired . | . . . Parts Damaged . | . . . Bothacking | -11 -10 -10 ------------ Run | Yrd Mat Sub Used RIF Installer . | . . . Robots Hacked . | . . . Non-combat . | . . . Combat . | . . . Robot Hacks Applied . | . . . Relay Couplers Released . | . . . Fabnet Peak Effective % . | . . . Robots Rewired . | . . . Allies Hacked . | . . . Hacks Repelled . | . . . Allies | -11 -10 -10 -------- Run | Yrd Mat Sub Total Allies . | . . . Largest Group . | . . . Highest-Rated Group . | . . . Highest-Rated Ally . | . . . Total Orders . | . . . Ally Attacks . | . . . Total Damage . | . . . Kills . | . . . Allies Corrupted . | . . . Allies Melted . | . . . Intel | -11 -10 -10 ------- Run | Yrd Mat Sub Active Infowar (turns) 259 | . . 259 Sensors 259 | . . 259 Robot Analysis Total 1 | . 1 . Derelict Logs Recovered 1 | . . 1 Drone Launches . | . . . Drone Recoveries . | . . . Exploration | -11 -10 -10 ------------- Run | Yrd Mat Sub Turns Passed 1707 | 79 688 940 Spaces Moved 996 | 49 462 485 Core 8 | 8 . . Treads 362 | 41 133 188 Legs . | . . . Wheels 626 | . 329 297 Hover . | . . . Flight . | . . . Fastest Speed 50 | 50 105 105 Average Speed 142 | 142 121 162 Slowest Speed 240 | 160 240 240 Overloaded Moves . | . . . Propulsion Burnouts . | . . . Robots Hopped . | . . . Potential Cave-ins . | . . . Cave-ins Triggered . | . . . Exploration Rate (%) 44 | 4 86 44 Regions Visited 2 Branch Regions 1 Pre-discovered Areas 1 | . 1 . Known Exits Taken . | . . . Unknown Exits Taken 2 | 1 1 . Scrap Searched 2 | . . 2 Spaces Dug . | . . . Terrain Destroyed 7 | . 2 5 Melee . | . . . Projectile . | . . . AOE 7 | . 2 5 Terrain Rammed . | . . . Walls Destroyed . | . . . Machines Disabled . | . . . Actions | -11 -10 -10 --------- Run | Yrd Mat Sub Total 1153 | 56 527 570 Wait 20 | . 10 10 Move 994 | 48 461 485 Hop . | . . . Pick Up 26 | 2 13 11 Fast Attach 14 | 6 5 3 Attach 6 | . 1 5 Detach 1 | . 1 . Swap 12 | . 2 10 Drop 14 | . 4 10 Fire 66 | . 30 36 Melee . | . . . Ram . | . . . Kick . | . . . Crush . | . . . Escape Stasis . | . . . Rewire . | . . . Trap . | . . . Miscellaneous . | . . . Route ------- -11/Scrapyard -10/Materials (discovered 4 exits: [*Mat] / [*Min x2] / [*Sub]) -10/Subcaves (discovered 2 exits: [*Mat] / [*Scr]) History --------- Turn | Location | Event 6 | -11/Scrapyard | Discovered new exit (range 16) 80 | -11/Scrapyard | Entered Materials 186 | -10/Materials | Discovered new exit (range 14) 307 | -10/Materials | Build established: Mutant 437 | -10/Materials | Discovered new exit (range 13) 634 | -10/Materials | Discovered new exit (range 13) 689 | -10/Materials | Discovered new exit (range 6) 768 | -10/Materials | Entered Subcaves 769 | -10/Subcaves | Approached by a straggling Scientist 862 | -10/Subcaves | Shifting Twisted Machinery released Battle Rifle 867 | -10/Subcaves | Shifting Twisted Machinery released Sub. Machine Gun 873 | -10/Subcaves | Learned 2 Materials zone layouts 897 | -10/Subcaves | Core integrity fell below 50% 953 | -10/Subcaves | Lost 3 parts (2n1w) 1250 | -10/Subcaves | Scientist uncovered a shortcut to Scraptown 1320 | -10/Subcaves | Shifting Twisted Machinery released Sub. Optics 1329 | -10/Subcaves | Shifting Twisted Machinery released Sub. Laser 1393 | -10/Subcaves | Disturbed a concealed Subdweller 1453 | -10/Subcaves | Shifting Twisted Machinery released Mak. Spear 1458 | -10/Subcaves | Shifting Twisted Machinery released Sub. Laser 1508 | -10/Subcaves | A swath of the cavern ceiling suddenly collapsed 1544 | -10/Subcaves | A swath of the cavern ceiling suddenly collapsed 1679 | -10/Subcaves | Discovered new exit (range 13) 1688 | -10/Subcaves | A Subdweller sparked back to life 1688 | -10/Subcaves | A Subdweller sparked back to life 1688 | -10/Subcaves | A Subdweller sparked back to life 1691 | -10/Subcaves | Core integrity fell below 20% 1708 | -10/Subcaves | Destroyed by L9-AFE(R) with Subdweller Laser Last Messages --------------- 01623_ Dropped Broken Sub. Power Source. 01623_ Acquired Sub. Power Source. 01624_ Acquired 31 matter. 01655_ Sub. Monowheel shoots sparks and powers down. 01679_ EXIT=FOUND 01688_ NX-BJ1(R) creaks and sparks as it begins to move. 01688_ L9-AFE(R) creaks and sparks as it begins to move. 01688_ 7L-3BP(R) creaks and sparks as it begins to move. 01690_ Dropped Sensor Array. 01691_ Dropped Lrg. Storage Unit. 01692_ Grenade Launcher destroyed. 01705_ 7L-3BP(R) affixes Scrap Shield Fragment to Scrap Shield. 01705_ Scrap Shield destroyed. 01708_ Sub. Power Source melted. 01708_ NX-BJ1(R) destroyed. Map ----- +----------------------------------------------------+ | | | | | | | ?????????????????????????????????????????????????? | | ?????????????????????????????????????????????????? | | ?????????????????????????????????????????????????? | | ?????????????????????????????????????????????????? | | ?????????????????????????????????????????????????? | | ?????????????????????????????????????????????????? | | ?????????????????????????????????????????????????? | | ?????????????????????????????????????????????????? | | ?????????????????????????????????????????????????? | | ?????????????????????????????????????????????????? | | ?????????????????????????????????????????????????? | | ?????????????????????????????????????????????????? | | ?????????????????????????????????????????????????? | | ?????????????????????????????????????????????????? | | ?????????????????????#########???????????????????? | | ????????????????????## << ####????????????????? | | ???????????????????##% ## #?????####??????? | | ??????????????????##% ## ###?## #??????? | | ???????????????#### < &<< #?# ### #??????? | | ???????????????# R% R ?## #???###? | | ???????????????# ! #??# ##?## ## | | ???????????????# /]* ##?# ## ### # | | ???????????????# |!@[ ##### ### | | ??????????????# [[![ ### # ## [ | | ??????????????# ## ### ### | | ??????????????## #???### #?## * | | ???????????????##????????### # #?## | | ???????????????????????????### # #### #??# | | ?????????????????????????????######??? ##??## | | ??????????????????????????????????????? ????# | | ??????????????????????????????????????? ?? | | ???????????????????????????????????????? # | | ???????????????????????????????????????? # ## | | ???????????????????????????????????????? #### ##? | | ???????????????????????????????????????# ??###?? | | ???????????????????????????????????????# ??#?????? | | ?????????????????????????????????????????????????? | | ????????#######??????????????????????????????????? | | ????????#"] &"#??????????????????????????????????? | | ????????# !##&#??????????????????????????????????? | | ????????##[ #####????????????????#####?????????# | | ????????#"" "" #????????????????# ####??????# | | ????????# & "#???????????????## ## ####??## | | ????????# ! * "################# ##?# | | ????????# # # # [ "" ### | | ????????# [ """""" #! ## | | ???????## """"" """"## ## # | +----------------------------------------------------+ Best States ------------- Heat Dissipation 25 Energy Generation 15 Energy Capacity 250 Matter Stores 300 Matter Capacity 300 Sight Range 16 Robot Scan Range 14 Terrain Scan Density 10 Armor Coverage 800 Evasion (%) 40 Recoil Reduction 2 Item Schematics ----------------- Hcp. Storage Unit | -10/Materials | Hacked Robot Schematics ------------------ None Fabricated ------------ Nothing Repaired ---------- Nothing Alien Tech Used ----------------- None Achievements -------------- None Challenges ------------ None Game ------ Seed WardroneVariableTerrabomb Manual? 0 Play Time 00:18:36 Cumulative 230.5 hours Start 2025.06.03 @ 18:42:00 End 2025.06.03 @ 18:57:59 Sessions 1 Manual Loads 0 Difficulty Rogue Special Mode None Game No. 216 Rogue 216 Adventurer 0 Explorer 0 Win Type - Total 1 Types 1/0/0/0/0/0/0/0/0/0 Lore% 73 Gallery% 60 Achievement% 49 Wizard Run 0 Options --------- Layout 1 ASCII 0 Keyboard 0 Movement Mouse Keybinds 0 Fullscreen 1 Font 24/Smallcaps Map View 50x35 Zoom Use 0% Tactical HUD 1 Map Filters NONE Filters NONE Steam 1 RUN: 079bd947-46e1-49ba-a1b0-47f3b8d0fddd